 Dungeon Crawl Stone Soup version 0.28-a0-1447-ga5a8893891 (webtiles) character file.

Game seed: 88845636664685895

4690 hashsling the Geomancer (level 10, -9/59 HPs)
             Began as a Gargoyle Earth Elementalist on Jan 11, 2022.
             Was an Initiate of Gozag.
             Mangled by a boulder beetle (17 damage)
             ... on level 7 of the Dungeon.
             The game lasted 00:34:37 (7341 turns).

hashsling the Geomancer (GrEE)                      Turns: 7341, Time: 00:34:39

Health: -9/59      AC: 20    Str: 11    XL:     10   Next: 44%
Magic:  11/20      EV: 15    Int: 21    God:    Gozag
Gold:   367        SH:  0    Dex: 10    Spells: 12/22 levels left

rFire   . . .      SeeInvis .   r - +0 flail (protect)
rCold   . . .      Faith    .   (no shield)
rNeg    + . .      Spirit   .   f - +3 leather armour
rPois   ∞          Reflect  .   (no helmet)
rElec   +          Harm     .   (no cloak)
rCorr   .          Rampage  .   C - +1 pair of gloves
Will    .....                   (no boots)
Stlth   ++........              (no amulet)
HPRegen 0.19/turn               j - +4 ring of evasion
MPRegen 0.17/turn               l - +4 ring of protection

@: no status effects
A: sickness immunity, AC +7, negative energy resistance 1, electricity
resistance, torment resistance 1, petrification resistance
a: Renounce Religion, Potion Petition, Call Merchant, Bribe Branch


You were on level 7 of the Dungeon.
You worshipped Gozag.
Gozag was aware of your devotion.
You visited 2 branches of the dungeon, and saw 8 of its levels.

You collected 733 gold pieces.
You spent 299 gold pieces at shops.
You paid 67 gold pieces to Gozag.

Inventory:

Hand Weapons
 g - a +2 dagger of draining
 r - a +0 flail of protection (weapon)
Missiles
 c - 204 stones
 u - 15 poisoned darts
Armour
 f - a +3 leather armour (worn)
 C - a +1 pair of gloves (worn)
Jewellery
 j - a +4 ring of evasion (left hand)
 l - a +4 ring of protection (right hand)
 y - a ring of resist corrosion
Wands
 p - a wand of polymorph (8)
 q - a wand of mindburst (11)
 s - a wand of charming (2)
 z - a wand of flame (43)
Scrolls
 e - 2 scrolls of fog
 i - 4 scrolls of amnesia
 k - 2 scrolls of fear
 m - 3 scrolls of enchant weapon
 v - 2 scrolls of magic mapping
 x - 2 scrolls of identify
 A - a scroll of teleportation {unknown}
Potions
 a - a potion of heal wounds
 b - 3 potions of resistance
 h - a potion of lignification {unknown}
 n - a potion of magic
 t - a potion of attraction {unknown}
 w - 2 potions of mutation {unknown}
 B - a potion of flight {unknown}


   Skills:
 + Level 5.5 Fighting
 + Level 5.5 Armour
 - Level 1.5 Dodging
 - Level 2.1 Stealth
 + Level 6.8 Spellcasting
 + Level 7.2 Conjurations
 - Level 0.7 Transmutations
 + Level 11.0 Earth Magic


You had 12 spell levels left.
You knew the following spells:

 Your Spells              Type           Power      Damage    Failure   Level
a - Sandblast             Erth           100%       2d20      1%          1
b - Passwall              Tmut/Erth      25%        N/A       1%          2
c - Stone Arrow           Conj/Erth      90%        3d12      1%          3
d - Petrify               Tmut/Erth      31%        N/A       11%         4

Your spell library contained the following spells:

 Spells                   Type           Power      Damage    Failure   Level
 Sting                    Tmut/Pois      32%        1d4       10%         1
 Poisonous Vapours        Pois/Air       14%        N/A       17%         2
 Gell's Gravitas          Tloc           7%         N/A       34%         3
 Lesser Beckoning         Tloc           7%         N/A       34%         3
 Teleport Other           Tloc           7%         N/A       34%         3
 Olgreb's Toxic Radiance  Pois           7%         N/A       75%         4
 Borgnjor's Revivificati  Necr           3%         N/A       100%        8
 Necromutation            Tmut/Necr      4%         N/A       100%        8
 Death's Door             Necr           3%         N/A       100%        9


Dungeon Overview and Level Annotations

Branches:
Dungeon (7/15)             Temple (1/1) D:5

Altars:
Ashenzari
Cheibriados
Elyvilon
Fedhas
Gozag
Hepliaklqana
Kikubaaqudgha
Makhleb
Nemelex Xobeh
Okawaru
Qazlal
Ru
Sif Muna
Trog
Uskayaw
Wu Jian
Xom
Yredelemnul
The Shining One

Shops:
D:4 !*


Innate Abilities, Weirdness & Mutations

You are immune to sickness and miasma.
Your stone body is resilient. (AC +7)
You are immune to poison.
You resist negative energy. (rN+)
You are resistant to electric shocks. (rElec)
You are resistant to unholy torment.
You are immune to petrification.


Message History

* * * LOW HITPOINT WARNING * * *
Aiming: Mindburst
Press: ? - help, Shift-Dir - straight line, f/p - boulder beetle
Aim: a boulder beetle (heavily wounded, chance to affect: 47%)
The boulder beetle resists with some effort.
The boulder beetle bites you!
* * * LOW HITPOINT WARNING * * *
You feel much better.
The boulder beetle bites you but does no damage.
Magic courses through your body. The boulder beetle misses you.
Casting: Sandblast (safe; 1% risk of failure)
Confirm with . or Enter, or press ? or * to list all spells.
You don't know that spell.
Casting: Sandblast (safe; 1% risk of failure)
Confirm with . or Enter, or press ? or * to list all spells.
Aiming: Stone Arrow (safe; 1% risk of failure)
Press: ? - help, Shift-Dir - straight line, f/p - boulder beetle
Aim: a boulder beetle (heavily wounded, 100% to hit)
The stone arrow hits the boulder beetle but does no damage.
The boulder beetle is heavily wounded.
The boulder beetle bites you!
Casting: Stone Arrow (safe; 1% risk of failure)
Confirm with . or Enter, or press ? or * to list all spells.
Aiming: Stone Arrow (safe; 1% risk of failure)
Press: ? - help, Shift-Dir - straight line, f/p - boulder beetle
Aim: a boulder beetle (heavily wounded, 100% to hit)
The stone arrow hits the boulder beetle.
The boulder beetle is heavily wounded.
The boulder beetle bites you!
* * * LOW HITPOINT WARNING * * *
Casting: Stone Arrow (safe; 1% risk of failure)
Confirm with . or Enter, or press ? or * to list all spells.
Aiming: Stone Arrow (safe; 1% risk of failure)
Press: ? - help, Shift-Dir - straight line, f/p - boulder beetle
Aim: a boulder beetle (heavily wounded, 100% to hit)
The stone arrow hits the boulder beetle but does no damage.
The boulder beetle is heavily wounded.
The boulder beetle bites you!
You die...
Your body crumbles into a pile of gold.

.......#*♣...♣...♣...♣♣#........#
########*#####♣.♣#####*########.#
#**,*****,**#.....#*..♣ **,**#.#
#,*,*,**,*,*#.♣♣♣♣#,≈≈♣***,*,*#.#
#,*,*,**,*,*#...♣ *,≈≈⌠**,***,#..
#,,,,,*,***,#.♣♣♣♣#,≈Y,***,*,*#.#
#,***,*,*,*,#.....#,.♣♣♣ **,**#.#
#*,,,**,*,*,##♣'♣##*...* **,**#.#
**,,$**,*,*,#..B@.#♣$♣♣♣##.*,*#.#
#,$*$,,,,≈,,+..8..$$.$.(..#8*,#.#
#*,$,**,*,*,#..<..#♣♣♣.♣##:*,*#.#
#*,,,**,*,*,##♣'♣##**,,* **,**#.[
#,***,*,*,*,*♣♣)♣♣**,≈,* **,**##.
#,,,,,*,***,#♣...♣#,,≈,***,*,**#.
#,*,*,**,*,*#.....#,*≈,**,***,*##
#,*,*,**,*,*#♣...♣#,,,,***,*,** #
#**,*****,** ♣♣.♣♣***,** **,**


You could see a boulder beetle.

Vanquished Creatures
  Pikel (D:4)
  A manticore (D:6)
  Joseph (D:7)
  A gargoyle (D:7)
  Maggie (D:6)
  Sigmund (D:5)
  A steam dragon (D:7)
  Edmund (D:4)
  3 orc warriors
  Duvessa (D:7)
  4 ice beasts
  A necrophage (D:5)
  2 sky beasts (D:7)
  An ogre (D:6)
  A centaur (D:7)
  A lemure (D:4)
  A phantom (D:5)
  Blork the orc (D:4)
  3 scorpions
  A wyvern skeleton (D:6)
  Dowan (D:7)
  A water moccasin skeleton (D:6)
  A wight (D:7)
  A centaur zombie (D:7)
  2 bullfrog zombies
  6 hounds
  A centaur skeleton (D:7)
  3 jellies
  Crazy Yiuf (D:4)
  2 orc priests
  3 bullfrog skeletons (D:7)
  Ijyb (D:5)
  3 orc wizards
  2 killer bee zombies
  2 adders (D:3)
  4 gnolls (D:4)
  2 howler monkey skeletons
  A white imp (D:7)
  An ufetubus (D:7)
  A dart slug (D:2)
  22 orcs
  A giant cockroach (D:3)
  3 goblins
  6 hobgoblins
  3 iguanas
  4 jackals (D:2)
  5 quokkas
  5 ball pythons
  2 bats
  5 frilled lizards (D:2)
  7 kobolds
  4 rats
134 creatures vanquished.

Vanquished Creatures (others)
  An acid dragon (D:7)
1 creature vanquished.

Grand Total: 135 creatures vanquished

Notes
Turn   | Place    | Note
-------+----------+-------------------------------------------
     0 | D:1      | hashsling the Gargoyle Earth Elementalist began the quest
                  | for the Orb.
     0 | D:1      | Reached XP level 1. HP: 10/10 MP: 3/3
   230 | D:1      | Reached skill level 4 in Earth Magic
   270 | D:1      | Reached XP level 2. HP: 15/15 MP: 3/5
   832 | D:2      | Reached XP level 3. HP: 19/19 MP: 4/6
  1205 | D:2      | Found a faded altar of an unknown god.
  1537 | D:3      | Reached skill level 5 in Earth Magic
  1537 | D:3      | Reached XP level 4. HP: 23/24 MP: 1/8
  1546 | D:3      | Learned a level 2 spell: Passwall
  1550 | D:3      | Learned a level 3 spell: Stone Arrow
  1636 | D:3      | Identified the +0 pair of gloves "Jumaudav" {rElec rC+}
  2015 | D:3      | Found a hide-covered altar of Uskayaw.
  2115 | D:4      | Noticed Edmund
  2138 | D:4      | Killed Edmund
  2139 | D:4      | Reached skill level 1 in Conjurations
  2139 | D:4      | Reached skill level 6 in Earth Magic
  2139 | D:4      | Reached XP level 5. HP: 26/28 MP: 0/9
  2351 | D:4      | Noticed Pikel
  2351 | D:4      | Noticed a lemure
  2359 | D:4      | Reached XP level 6. HP: 32/32 MP: 6/11
  2416 | D:4      | Killed Pikel
  2417 | D:4      | Reached skill level 8 in Earth Magic
  2417 | D:4      | Reached XP level 7. HP: 31/36 MP: 0/13
  2695 | D:4      | Noticed Blork the orc
  2705 | D:4      | Killed Blork the orc
  3065 | D:4      | Reached XP level 8. HP: 41/41 MP: 10/14
  3156 | D:4      | Found Pusotura's General Store.
  3225 | D:4      | Found Laucit's Distillery.
  3232 | D:4      | Bought a potion of heal wounds for 65 gold pieces
  3296 | D:4      | Found a runed translucent door.
  3297 | D:4      | Noticed Crazy Yiuf
  3301 | D:4      | Killed Crazy Yiuf
  3370 | D:5      | Entered Level 5 of the Dungeon
  3376 | D:5      | Learned a level 4 spell: Petrify
  3545 | D:5      | Reached skill level 9 in Earth Magic
  3742 | D:5      | Noticed Sigmund
  3745 | D:5      | Killed Sigmund
  3746 | D:5      | Reached skill level 1 in Fighting
  3746 | D:5      | Reached skill level 1 in Armour
  3746 | D:5      | Reached skill level 5 in Spellcasting
  3866 | D:5      | Noticed Ijyb
  3872 | D:5      | Killed Ijyb
  4014 | D:5      | Found a shimmering altar of Xom.
  4027 | D:5      | Found a staircase to the Ecumenical Temple.
  4044 | Temple   | Entered the Ecumenical Temple
  4106 | Temple   | Became a worshipper of Gozag Ym Sagoz the Greedy
  4185 | D:5      | Reached skill level 5 in Conjurations
  4337 | D:5      | Identified the +8 mace "No More Talking" {vorpal, Will+}
  4976 | D:6      | Noticed Maggie
  4991 | D:6      | Killed Maggie
  4992 | D:6      | Reached XP level 9. HP: 17/49 MP: 0/17
  5658 | D:6      | Reached skill level 10 in Earth Magic
  5798 | D:6      | Noticed a manticore
  5802 | D:6      | Killed a manticore
  5870 | D:6      | Found a white marble altar of Elyvilon.
  6056 | D:6      | Found a basalt altar of Yredelemnul.
  6167 | D:4      | Bought a potion of resistance for 130 gold pieces
  6167 | D:4      | Bought a potion of magic for 104 gold pieces
  6492 | D:7      | Noticed Duvessa
  6495 | D:7      | Killed Duvessa
  6496 | D:7      | Noticed Dowan
  6498 | D:7      | Killed Dowan
  6597 | D:7      | Reached XP level 10. HP: 58/58 MP: 4/19
  6737 | D:7      | Reached skill level 5 in Fighting
  6768 | D:7      | Noticed Joseph
  6774 | D:7      | Killed Joseph
  6775 | D:7      | Reached skill level 5 in Armour
  7288 | D:7      | Noticed a gargoyle
  7293 | D:7      | Noticed a boulder beetle
  7297 | D:7      | Killed a gargoyle
  7301 | D:7      | Reached skill level 11 in Earth Magic
  7341 | D:7      | Mangled by a boulder beetle

Illustrated notes

Levels and vault maps discovered:
D:1:      heliophobic_arrival_enchanted_forest, layout_basic
D:2:      layout_loops_ring, ebering_ecumenical_altar_webs
D:3:      layout_loops_cross, nicolae_uskayaw_suspiria
D:4:      layout_basic, serial_shops, nicolae_shop_waterfront,
          nicolae_shop_competitors_out_of_business, uniq_edmund, uniq_pikel,
          uniq_blork_the_orc, uniq_crazy_yiuf_cottage
D:5:      layout_basic, dk_xom_monty_hall, minmay_temple_entry_mini_moons,
          uniq_ijyb, uniq_sigmund
D:6:      layout_cave_pools, lemuel_tele_altar,
          mainiacjoe_overflow_surrounded_room, minmay_small_thing, uniq_maggie
D:7:      nzn_winding_woodlands_stair_cross
          [nzn_winding_woodlands_5x15_split_checker,
          nzn_winding_woodlands_center_diamonds,
          nzn_winding_woodlands_5x15_pathside_ponds,
          nzn_winding_woodlands_5x5_default, nzn_winding_woodlands_5x5_three,
          nzn_winding_woodlands_5x15_eye,
          nzn_winding_woodlands_center_pierced_h,
          nzn_winding_woodlands_5x15_twine], layout_rooms, serial_corexii_hall,
          chequers_hall_statues_y, chequers_hall_statues_corner_a,
          small_statue_intersection, uniq_duvessa, uniq_joseph
Temple:   eino_wide_crystal_templ

Skill      XL: |  1  2  3  4  5  6  7  8  9 10 |
---------------+-------------------------------+-----
Earth Magic    | 4 5 6 8 9 10 11 | 11.0
Spellcasting   | 3 4 5 6 |  6.8
Conjurations   | 1 3 4 5 6 7 |  7.2
Fighting       | 2 4 5 |  5.5
Armour         | 2 4 5 |  5.5
Dodging        | |  1.5
Stealth        | |  2.1
Transmutations | |  0.7

Action                   |  1- 3 |  4- 6 |  7- 9 | 10-12 || total
-------------------------+-------+-------+-------+-------++-------
Melee: Mace              |    46 |       |       |       ||    46
       Dagger            |       |    14 |       |       ||    14
       Flail             |       |    43 |   123 |    66 ||   232
       Punch             |       |       |     2 |     1 ||     3
 Cast: Sandblast         |    26 |    27 |    13 |     9 ||    75
       Stone Arrow       |       |     3 |    74 |    26 ||   103
Evoke: Wand              |       |     2 |     4 |     7 ||    13
  Use: Scroll            |     2 |       |     9 |       ||    11
       Potion            |       |     2 |     1 |     4 ||     7
 Stab: Sleeping          |     4 |     2 |     1 |       ||     7
       Distracted        |       |       |       |     1 ||     1
Armor: Robe              |    17 |    26 |    18 |       ||    61
       Leather armour    |       |       |    63 |    46 ||   109
Dodge: Dodged            |    35 |    45 |   127 |    73 ||   280

Table legend: (Time is in decaauts)
 A = Elapsed time spent in this place.
 B = Non-inter-level travel time spent in this place.
 C = Inter-level travel time spent in this place.
 D = Time resting spent in this place.
 E = Time spent auto-exploring this place.
 F = Levels seen in this place.
 G = Mean time per level.
                   A        B        C        D        E       F      G
               +--------+--------+--------+--------+--------+-----+--------+
         Total |   7451 |   7263 |    188 |      0 |   5870 |   8 |  931.4 |
       Dungeon |   7375 |   7200 |    175 |      0 |   5870 |   7 | 1053.6 |
        Temple |     75 |     62 |     13 |      0 |      0 |   1 |   75.0 |
               +--------+--------+--------+--------+--------+-----+--------+

Top non-repeatable levels by time:
     D:5: 1555 daAuts
     D:4: 1329 daAuts
     D:6: 1205 daAuts
     D:7: 1155 daAuts
     D:2: 940 daAuts
     D:3: 664 daAuts
     D:1: 524 daAuts
  Temple: 75 daAuts
